 Dungeon Crawl Stone Soup version 0.25-a0-464-g3004169 (webtiles) character file.

Game seed: 17711484886810384379, levelgen mode: deterministic

2928 15 the Conjurer (level 9, -10/48 HPs)
             Began as a Tengu Fire Elementalist on Feb 3, 2020.
             Was a Priest of Vehumet.
             Hit by a large rock thrown by a cyclops (34 damage)
             ... on level 8 of the Dungeon on Feb 4, 2020.
             The game lasted 00:49:06 (8272 turns).

15 the Conjurer (Tengu Fire Elementalist)           Turns: 8272, Time: 00:49:07

Health: -10/48     AC:  7    Str: 10    XL:     9   Next: 79%
Magic:  7/18       EV: 17    Int: 17    God:    Vehumet [***...]
Gold:   104        SH:  0    Dex: 15    Spells: 1/18 levels left

rFire    . . .     SeeInvis .   f - +2 war axe (vorpal)
rCold    . . .     Gourm    .   (no shield)
rNeg     + . .     Faith    .   a - +0 robe
rPois    .         Spirit   .   (helmet restricted)
rElec    .         Reflect  .   d - +2 cloak
rCorr    .         Harm     .   t - +0 pair of gloves
MR       .....                  (boots unavailable)
Stlth    +++.......             (no amulet)
HPRegen  0.16/turn              v - ring of stealth
MPRegen  0.16/turn              h - ring of positive energy

@: about to teleport, flying quickly and evasively, quick
A: beak, talons 3, able to fly
a: Stop Flying, Renounce Religion


You were on level 8 of the Dungeon.
You worshipped Vehumet.
Vehumet was most pleased with you.
You were not hungry.

You visited 2 branches of the dungeon, and saw 9 of its levels.

You collected 364 gold pieces.
You spent 260 gold pieces at shops.

Inventory:

Hand Weapons
 f - a +2 vorpal war axe (weapon)
 j - a +3 short sword of speed
 k - a +3 flail of holy wrath
 l - a +0 scythe
 o - a +0 great sword
 p - a +1 dagger of draining
 r - a +2 mace of draining
Armour
 a - a +0 robe (worn)
 d - a +2 cloak (worn)
 t - a +0 pair of gloves (worn)
 x - a +0 buckler
Jewellery
 b - an uncursed ring of ice
 h - a ring of positive energy (right hand)
 u - an uncursed ring of see invisible
 v - a ring of stealth (left hand)
Wands
 n - a wand of flame (52)
Scrolls
 e - a scroll of amnesia
 i - a scroll of blinking
 m - a scroll of magic mapping
 q - a scroll of teleportation
 y - 3 scrolls of identify
 B - a scroll of fear
 C - a scroll of fog
Potions
 g - a potion of cancellation
 s - a potion of heal wounds
 z - 2 potions of curing
Miscellaneous
 A - a box of beasts
Comestibles
 c - 17 rations
 w - 7 chunks of flesh


   Skills:
 + Level 2.0 Fighting
 + Level 2.0 Short Blades
 + Level 3.1(3.6) Axes
 + Level 1.5(2.5) Maces & Flails
 + Level 2.1(2.9) Polearms
 * Level 6.5 Armour
 + Level 4.3 Dodging
 + Level 3.3 Stealth
 + Level 5.3 Spellcasting
 * Level 7.9 Conjurations
 + Level 6.0 Fire Magic
 + Level 1.4 Ice Magic


You had one spell level left.
You knew the following spells:

 Your Spells              Type           Power        Failure   Level  Hunger
a - Foxfire               Conj/Fire      ####         1%          1    None
b - Conjure Flame         Conj/Fire      ####....     1%          3    ##.....
c - Searing Ray           Conj           ####..       1%          2    #......
d - Sticky Flame          Conj/Fire      ####....     2%          4    ####...
e - Freeze                Ice            #...         2%          1    None
f - Fireball              Conj/Fire      ####......   6%          5    ######.
g - Animate Skeleton      Necr           N/A          14%         1    None

Your spell library contained the following spells:

 Spells                   Type           Power        Failure   Level  Hunger
 Apportation              Tloc           #.....       14%         1    None
 Corona                   Hex            #......      14%         1    None
 Summon Small Mammal      Summ           #...         14%         1    None
 Inner Flame              Hex/Fire       ##......     3%          3    ##.....


Dungeon Overview and Level Annotations

Branches:
Dungeon (8/15)             Temple (1/1) D:6            Lair (0/6) D:8

Altars:
Ashenzari
Cheibriados
Dithmenos
Elyvilon
Fedhas
Gozag
Hepliaklqana
Kikubaaqudgha
Makhleb
Nemelex Xobeh
Okawaru
Qazlal
Ru
Sif Muna
Trog
Uskayaw
Vehumet
Wu Jian
Xom
Yredelemnul
Zin
The Shining One

Shops:
D:8 }

Annotations:
D:5 2 transporters, Cervance's ghost, amateur KoAK


Innate Abilities, Weirdness & Mutations

You have a beak for a mouth.
You have claws for feet.
You can fly continuously.


Message History

Casting: Foxfire (safe; 1% risk of failure)
Confirm with . or Enter, or press ? or * to list all spells.
You conjure some foxfire!
The foxfire hits the leopard gecko.
The leopard gecko is moderately wounded.
A cyclops comes into view.
Your foxfire dissipates!
The foxfire hits the leopard gecko.
The leopard gecko is heavily wounded.
The foxfire hits the leopard gecko.
You kill the leopard gecko!
Vehumet accepts your kill.
You feel your power returning.
As you read the scroll of teleportation, it crumbles to dust.
You feel strangely unstable.
The cyclops throws a large rock.
The large rock hits you!!
Ouch! That really hurt!
Unknown command.
The cyclops throws a large rock.
The large rock hits you!!
Ouch! That really hurt!
You die...

#....##...### ....(.....#
###..##...#
.......C..######..##...#
.............##........###
.............##...##...#..
.......†....$##..>##...#'#
.............##.#.#.......
....l........##.#.#.......
..).....§@...##.#.#.......
#####........##...+.......
############.##.......
#...................
#...................
#...................
########'#######.###
#....#.........
###.##.####.###


You could see a cyclops and a leopard gecko.

Vanquished Creatures
  Sigmund (D:2)
  4 hogs (D:7)
  A human (D:7)
  A hungry ghost (D:6)
  2 ogres (D:4)
  A necrophage (D:8)
  3 centaurs
  2 bullfrogs
  A wight (D:7)
  An electric eel (D:7)
  2 jellies
  2 howler monkeys (D:8)
  3 crimson imps
  2 bullfrog zombies (D:5)
  2 centaur zombies (D:8)
  A hound (D:5)
  2 orc priests
  Jessica (D:3)
  2 centaur skeletons
  Terence (D:2)
  6 orc wizards
  5 worker ants
  A killer bee zombie (D:6)
  A hound skeleton (D:7)
  A howler monkey zombie (D:8)
  9 gnolls
  8 adders
  A shadow imp (D:7)
  A white imp (D:6)
  An ooze (D:4)
  3 worms
  6 dart slugs
  5 leopard geckos
  35 orcs
  5 giant cockroaches
  5 hobgoblins
  4 jackals (D:7)
  3 quokkas
  2 ball pythons (D:2)
  8 bats
  2 frilled lizards (D:3)
  3 goblins
  6 kobolds
  4 rats
160 creatures vanquished.

Vanquished Creatures (others)
  418 foxfires
418 creatures vanquished.

Grand Total: 578 creatures vanquished

Notes
Turn   | Place    | Note
-------+----------+-------------------------------------------
     0 | D:1      | 15 the Tengu Fire Elementalist began the quest for the Orb.
     0 | D:1      | Reached XP level 1. HP: 10/10 MP: 4/4
    92 | D:1      | Reached XP level 2. HP: 14/15 MP: 6/6
   143 | D:1      | Reached skill level 2 in Conjurations
   584 | D:1      | Reached XP level 3. HP: 19/19 MP: 4/7
   767 | D:2      | Found a white marble altar of Elyvilon.
   822 | D:2      | Found a snail-covered altar of Cheibriados.
   984 | D:2      | Learned a level 3 spell: Conjure Flame
  1047 | D:2      | Found a basalt altar of Yredelemnul.
  1078 | D:2      | Noticed Sigmund
  1108 | D:2      | Found a stormy altar of Qazlal.
  1144 | D:2      | Noticed Terence
  1162 | D:2      | Killed Terence
  1162 | D:2      | Reached skill level 3 in Conjurations
  1162 | D:2      | Reached XP level 4. HP: 19/24 MP: 8/8
  1217 | D:2      | Killed Sigmund
  1217 | D:2      | Reached skill level 1 in Armour
  1217 | D:2      | Reached skill level 4 in Conjurations
  1217 | D:2      | Gained mutation: You can fly continuously. [Tengu growth]
  1217 | D:2      | Reached XP level 5. HP: 22/28 MP: 8/10
  1217 | D:2      | Reached XP level 6. HP: 25/32 MP: 8/11
  1460 | D:3      | Found a radiant altar of Vehumet.
  1478 | D:3      | Became a worshipper of Vehumet
  1586 | D:3      | Learned a level 3 spell: Inner Flame
  1591 | D:3      | Learned a level 4 spell: Sticky Flame
  1773 | D:3      | Reached skill level 1 in Short Blades
  1790 | D:3      | Noticed Jessica
  2046 | D:3      | Killed Jessica
  2046 | D:3      | Reached skill level 1 in Maces & Flails
  2303 | D:3      | Reached XP level 7. HP: 37/37 MP: 6/12
  2376 | D:3      | Found a hazy altar of Hepliaklqana.
  2384 | D:3      | Found a burning altar of Makhleb.
  2412 | D:3      | Reached * piety under Vehumet
  2412 | D:3      | Offered knowledge of Freeze by Vehumet.
  2415 | D:3      | Learned a level 1 spell: Freeze
  2503 | D:4      | Found a radiant altar of Vehumet.
  2737 | D:4      | Reached skill level 5 in Conjurations
  3372 | D:5      | Entered Level 5 of the Dungeon
  3426 | D:5      | Found an ornate altar of the Wu Jian Council.
  3448 | D:5      | Reached skill level 1 in Polearms
  3448 | D:5      | Reached skill level 5 in Fire Magic
  3448 | D:5      | Reached XP level 8. HP: 7/42 MP: 14/14
  3749 | D:5      | Found a transporter.
  3804 | D:5      | Noticed Cervance's ghost (amateur KoAK)
  3818 | D:5      | Found a transporter.
  3940 | D:5      | Reached skill level 1 in Axes
  4216 | D:5      | Reached skill level 1 in Fighting
  4216 | D:5      | Reached skill level 1 in Ice Magic
  4930 | D:5      | Found a stormy altar of Qazlal.
  5179 | D:6      | Reached skill level 6 in Conjurations
  5186 | D:6      | Reached ** piety under Vehumet
  5200 | D:6      | Found a staircase to the Ecumenical Temple.
  5215 | D:6      | Offered knowledge of Magic Dart by Vehumet.
  5220 | D:6      | Found a snail-covered altar of Cheibriados.
  5232 | Temple   | Entered the Ecumenical Temple
  5829 | D:6      | Reached skill level 5 in Armour
  6283 | D:6      | Found an opulent altar of Gozag.
  6629 | D:7      | Reached XP level 9. HP: 48/48 MP: 9/16
  6639 | D:7      | Learned a level 5 spell: Fireball
  7028 | D:7      | Found a sparkling altar of Nemelex Xobeh.
  7163 | D:7      | Found a shimmering altar of Xom.
  7164 | D:7      | Found a shimmering altar of Xom.
  7348 | D:7      | Reached skill level 7 in Conjurations
  7505 | D:7      | Reached skill level 5 in Spellcasting
  7562 | D:7      | Found a shimmering altar of Xom.
  7594 | D:7      | Learned a level 1 spell: Animate Skeleton
  7607 | D:7      | Offered knowledge of Searing Ray by Vehumet.
  7628 | D:7      | Learned a level 2 spell: Searing Ray
  8036 | D:8      | Found a sacrificial altar of Ru.
  8040 | D:8      | Reached *** piety under Vehumet
  8119 | D:8      | Found a staircase to the Lair.
  8167 | D:8      | Found Wyam's Gadget Shop.
  8172 | D:8      | Bought a box of beasts for 260 gold pieces
  8233 | D:8      | Found a hide-covered altar of Uskayaw.
  8269 | D:8      | Noticed a cyclops
  8272 | D:8      | Hit by a large rock thrown by a cyclops

Levels and vault maps discovered:
D:1:      dpeg_arrival_boxes_within_box, layout_rooms, moated_statue
D:2:      layout_loops_cross, kennysheep_ying_yang, cheibriados_altar_1,
          grunt_qazlal_clouds, uniq_terence, uniq_sigmund
D:3:      layout_basic, overflow_temple_1_default,
          amethyst_overflow_temple_binary, first_ration, uniq_jessica
D:4:      layout_rooms, vehumet_altar_wand_db
D:5:      layout_basic, lemuel_coloured_pillars_altar, kennysheep_little_box,
          gammafunk_ghost_stat_death
D:6:      layout_layer_cave, nicolae_gozag_cash_rules_everything_around_me,
          temple_statues, basic_altar, minmay_fire_ice_demons
D:7:      layout_gridville, xom_redecorated, lemuel_doored_altar,
          grunt_livestock, kennysheep_dice
D:8:      layout_basic, eat_drink_and_be_merry_uskayaw,
          nicolae_ru_sacrificial_ziggurat, serial_shops, shop,
          nicolae_shop_trees, nicolae_shop_waterfront
Temple:   compressed_dpeg_triangle_lava_temple

Skill      XL: |  1  2  3  4  5  6  7  8  9 |
---------------+----------------------------+-----
Conjurations   | 2 3 4 5 6 7 |  7.9
Fire Magic     | 4 5 6 |  6.0
Armour         | 1 2 3 5 6 |  6.5
Spellcasting   | 3 4 5 |  5.3
Short Blades   | 1 2 |  2.0
Dodging        | 3 4 |  4.3
Maces & Flails | 1 |  1.5
Polearms       | 1 2 |  2.1
Axes           | 1 3 |  3.1
Fighting       | 1 2 |  2.0
Ice Magic      | 1 |  1.4
Stealth        | 3 |  3.3

Action                   |  1- 3 |  4- 6 |  7- 9 || total
-------------------------+-------+-------+-------++-------
Melee: Dagger            |    27 |    14 |       ||    41
       Unarmed           |     6 |       |       ||     6
       Kick              |     7 |    13 |    31 ||    51
       Peck              |     1 |     7 |    11 ||    19
       Flail             |       |    33 |     3 ||    36
       Scythe            |       |    14 |    25 ||    39
       War axe           |       |     1 |    66 ||    67
       Short sword       |       |       |    24 ||    24
       Mace              |       |       |     4 ||     4
 Cast: Foxfire           |    62 |    40 |   211 ||   313
       Conjure Flame     |       |     1 |    25 ||    26
       Freeze            |       |       |    26 ||    26
       Sticky Flame      |       |       |     6 ||     6
       Inner Flame       |       |       |     2 ||     2
       Searing Ray       |       |       |     6 ||     6
       Fireball          |       |       |     1 ||     1
 Abil: Fly               |       |       |     1 ||     1
Evoke: Wand              |       |       |     1 ||     1
  Use: Scroll            |     5 |     3 |    15 ||    23
       Potion            |     5 |     3 |     2 ||    10
 Stab: Sleeping          |     1 |     2 |     1 ||     4
  Eat: Chunk             |     2 |     4 |    18 ||    24
       Ration            |       |       |     2 ||     2
Armor: Robe              |     8 |    18 |    55 ||    81
Dodge: Dodged            |    41 |    51 |   147 ||   239

Table legend:
 A = Non-vault XP
 B = Vault XP
 C = Vault XP percentage of total XP
 D = Non-vault monster count
 E = Vault monster count
 F = Vault count percentage of total count
                 A         B        C        D         E       F
            +---------+---------+-------+---------+---------+-------
      Total |    2767 |    1416 |  33.9 |     148 |      12 |   7.5
            +---------+---------+-------+---------+---------+-------
        D:1 |      37 |       0 |   0.0 |      20 |       0 |   0.0
        D:2 |      46 |     267 |  85.3 |      15 |       2 |  11.8
        D:3 |     241 |      37 |  13.3 |      24 |       1 |   4.0
        D:4 |     416 |       2 |   0.5 |      21 |       1 |   4.5
        D:5 |     566 |       0 |   0.0 |      15 |       0 |   0.0
        D:6 |     608 |      58 |   8.7 |      21 |       2 |   8.7
        D:7 |     302 |    1052 |  77.7 |      19 |       6 |  24.0
        D:8 |     551 |       0 |   0.0 |      13 |       0 |   0.0
            +---------+---------+-------+---------+---------+-------
